Map: Odyssée EC

Players

zuka - Winner!

  • Race: Protoss Protoss
  • League: Master
  • Spawn Location: 5:00

IA (très facile)

  • Race: Terran Terran
  • Spawn Location: 11:00

VOD

https://www.youtube.com/watch?v=Kbv2u2VAkRk

Description

Time

  • Played on: Nov. 25, 2017, 4:13 a.m.
  • Length: 13:27
Show
View Real Time Build Order
Export as new Build Order

zuka Protoss - Winner!

Build Orders: Colossus Rush 

Get SALT Encoding   

  12  0:01  Probe  
  13  0:13  Probe  
  14  0:17  Pylon  
  14  0:25  Probe (Chrono Boost)  
  15  0:37  Probe (Chrono Boost)  
  15  0:40  Gateway  
  17  0:44  Probe (Chrono Boost)  
  17  0:51  Probe  
  17  0:53  Assimilator  
  17  0:57  Assimilator  
  18  1:03  Probe  
  19  1:10  Gateway  
  19  1:15  Probe  
  20  1:27  Probe  
  20  1:28  Cybernetics Core  
  21  1:41  Pylon  
  21  1:42  Probe  
  22  1:54  Probe (Chrono Boost)  
  23  2:05  Stalker x2  
  23  2:06  Probe (Chrono Boost)  
  28  2:09  Warp Gate (Chrono Boost)  
  28  2:21  Pylon  
  28  2:35  Stalker  
  30  2:39  Stalker  
  32  2:55  Nexus  
  32  3:02  Probe  
  33  3:15  Probe (Chrono Boost), Robotics Facility  
  35  3:27  Probe (Chrono Boost)  
  35  3:30  Pylon  
  35  3:32  Probe (Chrono Boost)  
  36  3:41  Probe  
  37  3:48  Gateway  
  37  3:50  Gateway  
  37  3:53  Probe  
  38  4:03  Observer  
  38  4:05  Probe  
  38  4:07  Probe  
  41  4:17  Probe  
  41  4:20  Probe, Stalker x2  
  47  4:28  Immortal (Chrono Boost)  
  51  4:33  Probe x2  
  53  4:41  Robotics Bay  
  53  4:45  Probe  
  53  4:46  Probe  
  53  4:49  Assimilator  
  53  4:52  Assimilator  
  55  4:57  Probe  
  55  4:58  Observer, Probe  
  58  5:04  Shield Battery  
  58  5:06  Shield Battery  
  58  5:10  Probe x2  
  60  5:22  Probe x2  
  60  5:28  Pylon  
  62  5:30  Nexus  
  62  5:45  Colossus (Chrono Boost)  
  62  5:46  Probe x2  
  70  5:50  Extended Thermal Lance  
  70  6:01  Pylon  
  70  6:03  Pylon  
  70  6:12  Forge  
  70  6:15  Forge  
  70  6:19  Probe  
  70  6:20  Probe  
  72  6:29  Colossus  
  72  6:32  Probe x2  
  80  6:37  Stalker x3  
  86  6:44  Probe x2  
  89  6:49  Protoss Ground Weapons Level 1 (Chrono Boost), Protoss Ground Armor Level 1 (Chrono Boost), Pylon  
  89  6:51  Pylon  
  89  6:52  Probe  
  89  6:56  Probe x2  
  91  7:04  Probe  
  91  7:08  Probe x2  
  93  7:12  Pylon  
  93  7:14  Twilight Council  
  92  7:23  Probe x2  
  92  7:26  Assimilator  
  92  7:27  Colossus  
  100  7:30  Assimilator  
  100  7:32  Probe  
  100  7:35  Probe x2  
  103  7:45  Gateway  
  103  7:46  Gateway  
  103  7:49  Gateway  
  103  7:52  Blink  
  103  8:02  Templar Archives  
  103  8:20  Stalker x3  
  103  8:21  Stalker  
  103  8:26  Protoss Ground Armor Level 2 (Chrono Boost), Protoss Ground Weapons Level 2 (Chrono Boost)  
  111  8:30  Photon Cannon  
  111  8:33  Photon Cannon  
  111  8:35  Photon Cannon  
  111  8:37  Photon Cannon  
  111  8:39  Photon Cannon  
  111  8:42  Photon Cannon  
  111  8:43  Photon Cannon  
  111  8:45  Photon Cannon  
  111  8:52  Colossus (Chrono Boost)  
  117  9:00  High Templar x3  
  117  9:01  High Templar  
  125  9:04  Pylon  
  125  9:06  Archon x2, Pylon  
  125  9:07  Pylon  
  125  9:23  Nexus  
  125  9:27  Gateway, Pylon  
  125  9:29  Gateway, Pylon  
  125  9:35  Pylon  
  125  9:41  Immortal (Chrono Boost)  
  129  9:46  Stalker  
  129  9:47  Stalker x4  
  129  9:51  High Templar  
  129  9:52  High Templar  
  143  9:55  Archon  
  143  10:08  Pylon  
  143  10:09  Charge  
  143  10:18  High Templar x2  
  143  10:19  High Templar x2  
  151  10:23  Archon x2  
  151  10:26  Gateway  
  151  10:27  Gateway  
  151  10:32  Gateway  
  151  10:39  Stalker x2  
  151  10:40  Stalker  
  151  10:42  Immortal (Chrono Boost)  
  161  10:45  Protoss Ground Weapons Level 3 (Chrono Boost)  
  161  10:58  Protoss Ground Armor Level 3 (Chrono Boost)  
  161  11:09  Stalker  
  161  11:10  Stalker x3  
  161  11:11  Stalker x3  
  173  11:16  Pylon  
  173  11:17  Warp Prism (Chrono Boost)  
  177  11:32  Stalker x2  
  179  11:33  Stalker x4  
  189  11:43  Stalker  
  189  11:44  Stalker x2  
  189  11:46  Stalker  
  197  11:51  Stalker  
  198  11:54  Stalker  
Show
View Real Time Build Order
Export as new Build Order

IA (très facile) Terran 

Build Orders:  

Get SALT Encoding   

  12  0:00  SCV  
  13  0:13  SCV  
  14  0:18  Supply Depot  
  14  0:37  Refinery  
  14  0:43  Barracks  
  14  1:05  Supply Depot  
  14  1:12  Refinery  
  14  1:29  Barracks Tech Lab  
  14  1:30  Orbital Command  
  14  1:47  Marine  
  15  1:56  SCV  
  16  2:08  SCV  
  17  2:20  SCV  
  18  2:30  Marine  
  18  2:32  SCV  
  20  2:44  SCV  
  21  2:56  SCV  
  22  3:13  Marauder  
  24  3:54  Marine  
  24  3:57  Supply Depot  
  24  4:22  Marine  
  25  4:51  Marauder  
  27  6:29  SCV  
  27  6:30  Marine, Supply Depot  
  27  6:32  Factory  
  29  6:38  Command Center  
  29  6:41  SCV  
  30  6:53  SCV  
  31  7:03  Marine  
  31  7:05  SCV  
  33  7:16  Starport  
  33  7:17  SCV  
  27  7:36  Marine  
  27  7:50  SCV  
  28  7:52  Refinery  
  28  7:58  SCV  
  29  8:03  Starport Tech Lab, Refinery  
  29  8:05  SCV  
  30  8:09  Marine  
  30  8:12  SCV  
  32  8:19  SCV  
  33  8:23  Raven  
  33  8:26  SCV  
  35  8:33  SCV  
  36  8:41  SCV  
  37  8:42  Marine  
  37  8:48  SCV  
  39  8:55  SCV  
  40  9:02  SCV  
  41  9:06  Raven  
  41  9:09  SCV  
  44  9:15  Marauder  
  44  9:17  SCV  
  47  9:24  SCV  
  48  9:31  SCV  
  49  9:38  SCV  
  50  9:45  SCV  
  51  12:12  Medivac  
  51  12:13  Factory Tech Lab  
  51  12:15  Supply Depot  
  53  12:34  Siege Tank  
  56  12:40  SCV, Supply Depot  
  56  12:42  Medivac  
  36  12:53  SCV  
  34  13:05  SCV  
  32  13:07  Supply Depot  
  18  13:13  Starport Tech Lab  
Tags
 
League
Master
Matchup
PvT
Spawn Locations
Cross Positions
Add a new tag
Caveats
  • Supply blocks, unpowered buildings, or Contaminate may cause inaccurate times.
  • Supply counts are checked every 10 seconds.